 Dungeon Crawl Stone Soup version 0.22.1-2-g9c5b331383 (webtiles) character file.

54 Ihlosi the Chiller (level 4, -1/24 HPs)
             Began as a Kobold Ice Elementalist on Jan 4, 2019.
             Slain by a rat (2 damage)
             ... on level 2 of the Dungeon.
             The game lasted 00:05:13 (1685 turns).

Ihlosi the Chiller (Kobold Ice Elementalist)        Turns: 1685, Time: 00:05:13

Health: -1/24      AC:  4    Str: 10    XL:     4   Next: 12%
Magic:  0/7        EV: 16    Int: 17    God:
Gold:   53         SH:  0    Dex: 15    Spells: 7/8 levels left

rFire    . . .     SeeInvis .   o - -1 short sword (curse)
rCold    . . .     Gourm    .   (shield restricted)
rNeg     . . .     Faith    .   n - +0 robe
rPois    .         Spirit   .   (no helmet)
rElec    .         Reflect  .   (no cloak)
rCorr    .         Harm     .   h - +0 pair of gloves
MR       .....                  l - +0 pair of boots
Stlth    ++........             (no amulet)
HPRegen  0.08/turn              (no ring)
MPRegen  0.10/turn              (no ring)

@: mighty, lethally poisoned (-1 -> -5), hasted, very quick
A: small, carnivore
a: no special abilities


You were on level 2 of the Dungeon.
You were very full.

You visited 1 branch of the dungeon, and saw 2 of its levels.

You collected 53 gold pieces.

Inventory:

Hand Weapons
 a - a +0 short sword
 o - a cursed -1 short sword (weapon)
Missiles
 k - 18 sling bullets
Armour
 h - a +0 pair of gloves (worn)
 l - a +0 pair of boots (worn)
 n - a +0 robe (worn)
Scrolls
 d - a scroll of enchant weapon {unknown}
 f - 4 scrolls of identify {unknown}
 j - a scroll of fog {unknown}
 m - a scroll of remove curse {unknown}
 p - a scroll of immolation {unknown}
Comestibles
 c - 2 rations


   Skills:
 * Level 0.5 Fighting
 * Level 0.2 Armour
 * Level 3.0 Dodging
 * Level 3.2 Stealth
 + Level 0.2 Unarmed Combat
 * Level 2.5 Spellcasting
   Level 1.0 Conjurations
 * Level 3.8 Ice Magic


You had 7 spell levels left.
You knew the following spells:

 Your Spells              Type           Power        Failure   Level  Hunger
a - Freeze                Ice            ###.         3%          1    #......

Your spell library contained the following spells:

 Spells                   Type           Power        Failure   Level  Hunger
 Throw Frost              Conj/Ice       ##....       11%         2    ##.....
 Ozocubu's Armour         Chrm/Ice       #.......     26%         3    ###....
 Throw Icicle             Conj/Ice       ##......     56%         4    #####..
 Summon Ice Beast         Ice/Summ       #.......     63%         4    #####..


Dungeon Overview and Level Annotations

Branches:
Dungeon (2/15)

Altars:

Annotations:
D:2 Sigmund


Innate Abilities, Weirdness & Mutations

You are small and have problems with some larger weapons.
You are carnivorous and can eat meat at any time.


Message History

Aiming: Freeze (safe; 3% risk of failure)
Press: ? - help, Shift-Dir - straight line, f/p - Sigmund
Aim: Sigmund, wielding a scythe of venom, wearing a robe and carrying a wand of You freeze Sigmund.
Sigmund is severely wounded.
* * * LOW HITPOINT WARNING * * *
You feel sick.
You barely miss Sigmund.
Sigmund is severely wounded.
The rat misses you.
Sigmund screams, "Don't try to resist!"
Sigmund barely misses you.
You barely miss Sigmund.
Sigmund is severely wounded.
* * * LOW HITPOINT WARNING * * *
You feel sick. The rat bites you but does no damage.
You hit Sigmund.
Sigmund is almost dead.
Sigmund closely misses you. The rat bites you.
You die...

#.#.### .#
#.# #.#.# .#
#.#
#.#.#####.#
#+#
#.........#
###.######
#.#.######.
###.........g
#.@..!.......
#@#.....###..
#r#......#
#........#
#####.......
####.### .#
.#


You could see Sigmund and a rat.

Vanquished Creatures
  A gnoll (D:1)
  An ooze (D:1)
  A dart slug (D:1)
  A leopard gecko (D:1)
  5 bats (D:1)
  3 giant cockroaches
  4 goblins (D:1)
  7 hobgoblins (D:1)
  2 jackals (D:1)
  4 kobolds
  A ball python (D:1)
  3 frilled lizards (D:1)
  3 rats (D:1)
36 creatures vanquished.

Notes
Turn   | Place    | Note
-------+----------+-------------------------------------------
     0 | D:1      | Ihlosi the Kobold Ice Elementalist began the quest for the
                  | Orb.
     0 | D:1      | Reached XP level 1. HP: 10/10 MP: 3/3
   351 | D:1      | Reached XP level 2. HP: 12/15 MP: 0/5
   644 | D:1      | Reached XP level 3. HP: 19/19 MP: 4/6
  1363 | D:1      | Reached XP level 4. HP: 24/24 MP: 5/7
  1662 | D:2      | Noticed Sigmund
  1684 | D:2      | HP: 1/24 [poisoned by Sigmund]
  1685 | D:2      | Slain by a rat

Skill      XL: |  1  2  3 |
---------------+----------+-----
Dodging        | 3 |  3.0
Stealth        | 3 |  3.2
Fighting       | |  0.5
Armour         | |  0.2
Unarmed Combat | |  0.2
Spellcasting   | |  2.5
Conjurations   | |  1.0
Ice Magic      | |  3.8

Action                   |  1- 3 |  4- 6 || total
-------------------------+-------+-------++-------
Melee: Unarmed           |    22 |       ||    22
       Short sword       |     3 |     4 ||     7
 Cast: Freeze            |    47 |    14 ||    61
  Use: Potion            |       |     4 ||     4
  Eat: Chunk             |     9 |     1 ||    10
Armor: Robe              |    16 |     3 ||    19
Dodge: Dodged            |    58 |    19 ||    77
